 Dungeon Crawl Stone Soup version 0.21.0-24-g2553a3340b (webtiles) character file.

6878 Krosko the Basher (level 10, 0/110 HPs)
             Began as a Troll Berserker on Jan 22, 2018.
             Was a Priest of Trog.
             Slain by a warg (11 damage)
             ... on level 10 of the Dungeon.
             The game lasted 00:34:28 (8119 turns).

Krosko the Basher (Troll Berserker)                 Turns: 8119, Time: 00:34:29

Health: 0/110      AC:  5    Str: 34    XL:     10   Next: 78%
Magic:  9/9        EV: 11    Int:  3    God:    Trog [***...]
Gold:   457        SH:  0    Dex:  9    Spells: 9/9 levels left

rFire    . . .     SeeInvis .   a - +0 mace
rCold    . . .     Gourm    +   (no shield)
rNeg     . . .     Faith    .   b - +0 animal skin
rPois    .         Spirit   .   (helmet restricted)
rElec    .         Reflect  .   (no cloak)
rCorr    .         Harm     .   (gloves unavailable)
MR       .....                  (boots unavailable)
Stlth    +.........             (no amulet)
HPRegen  0.68/turn              u - +4 ring of strength
MPRegen  0.11/turn              s - ring of flight

@: lethally poisoned (0 -> -1), berserk cooldown, slowed, very slow
A: large, unfitting armour, claws 3, fast metabolism 3, gourmand, regeneration
1, shaggy fur 1, tough skin 2
a: Berserk, Trog's Hand, Burn Spellbooks, Renounce Religion, Evoke Flight


You were on level 10 of the Dungeon.
You worshipped Trog.
Trog was most pleased with you.
You were very full.

You visited 2 branches of the dungeon, and saw 11 of its levels.

You collected 457 gold pieces.

Inventory:

Hand Weapons
 a - a +0 mace (weapon)
Armour
 b - a +0 animal skin (worn)
Jewellery
 l - an uncursed ring of fire
 s - a ring of flight (right claw)
 u - a +4 ring of strength (left claw)
 G - an uncursed ring of resist corrosion {unknown}
Wands
 p - a wand of digging (28)
 q - a wand of paralysis (37)
 y - a wand of acid (12)
 A - a wand of disintegration (11)
 B - a wand of clouds (11)
 D - a wand of random effects (27)
 F - a wand of enslavement (19)
 H - a wand of iceblast (6)
Scrolls
 e - 8 scrolls of identify
 g - 3 scrolls of teleportation
 i - 2 scrolls of immolation {unknown}
 j - 2 scrolls of amnesia {unknown}
 k - 3 scrolls of fog {unknown}
 m - 6 scrolls of remove curse
 n - 5 scrolls of enchant weapon
 r - 2 scrolls of fear {unknown}
 C - a scroll of random uselessness {unknown}
 J - a scroll of holy word {unknown}
 L - a scroll of noise {unknown}
Potions
 d - 2 potions of mutation {unknown}
 f - 2 potions of resistance {unknown}
 h - a potion of might
 o - 2 potions of magic {unknown}
 t - a potion of brilliance {unknown}
 v - a potion of lignification {unknown}
 w - a potion of haste {unknown}
 x - 2 potions of heal wounds
 z - 2 potions of curing {unknown}
 E - a potion of flight {unknown}
 K - a potion of invisibility {unknown}
Comestibles
 c - 14 rations
 I - 6 chunks of flesh


   Skills:
 - Level 10.0 Fighting
 + Level 11.0 Maces & Flails
 + Level 3.4 Dodging


You had 9 spell levels left.
You didn't know any spells.

Dungeon Overview and Level Annotations

Branches:
Dungeon (10/15)            Temple (1/1) D:4
   Lair: D:8-11         Orc: D:9-12

Altars:
Ashenzari
Cheibriados
Dithmenos
Elyvilon
Fedhas
Gozag
Hepliaklqana
Kikubaaqudgha
Makhleb
Nemelex Xobeh
Okawaru
Qazlal
Ru
Sif Muna
Trog
Uskayaw
Vehumet
Wu Jian
Xom
Yredelemnul
Zin
The Shining One

Shops:
D:4 }   D:5 }


Innate Abilities, Weirdness & Mutations

You are too large for most types of armour.
You have claws for hands.
Your metabolism is lightning-fast.
You like to eat raw meat.
Your natural rate of healing is unusually fast.
You are covered in fur. (AC +1)
You have very tough skin. (AC +2)


Message History

You hear an angry buzzing noise.
The orc priest casts a cantrip, but nothing happens.
You hear an angry buzzing noise.
You feel sick.
You feel a strong urge to attack something.
You are no longer berserk.
You are exhausted.
You feel yourself slow down.
You feel sick.
You feel sick.
The orc priest looks encouraged for a moment.
You feel the effects of Trog's Hand fading.
You feel sick. The warg bites you!
* * * LOW HITPOINT WARNING * * *
You feel sick. The warg bites you!
* * * LOW HITPOINT WARNING * * *
You feel sick. The warg bites you but does no damage.
Your skin stops crawling.
You feel less resistant to hostile enchantments.
You feel sick. The warg bites you!
You die...

#####.# #.#
##...#.# .(Y...#
#.# #.###..#
.###### #.#
#.#...o# .# #.#
#.#.#.## .# #.#
##..o## Y# #.#
##.## .# #ยง# #o#
## #.# #h# #.# #@#
##.#### #<#
#####.....###.#
#....#......#.#
#.##.##.###.#.#
####.##....# #...#
.....#####.###.###
####.#####.....#
####.........###


You could see a warg, an orc priest and an orc.

Vanquished Creatures
  Erolcha (D:9)
  Pikel (D:4)
  A troll (D:10)
  Prince Ribbit (D:8)
  2 hippogriffs
  3 yaks (D:10)
  2 hungry ghosts (D:8)
  A soldier ant (D:10)
  A water moccasin (D:9)
  4 slaves (D:4)
  2 orc warriors
  3 sky beasts
  A black bear (D:9)
  3 phantoms
  4 ogres
  2 centaurs
  Blork the orc (D:4)
  4 bullfrogs
  3 scorpions
  A wyvern skeleton (D:9)
  3 killer bees (D:10)
  4 wights (D:6)
  3 crimson imps
  A bullfrog zombie (D:7)
  6 hounds
  7 orc wizards
  3 centaur skeletons
  2 orc priests
  Crazy Yiuf (D:4)
  9 jellies
  3 iguanas
  Jessica (D:3)
  Ijyb (D:3)
  8 worker ants
  A killer bee zombie (D:9)
  2 hound skeletons
  A worker ant zombie (D:7)
  3 gnolls (D:2)
  A howler monkey skeleton (D:9)
  15 adders
  2 shadow imps
  An adder zombie (D:7)
  6 oozes
  An adder skeleton (D:9)
  3 worms
  3 dart slugs
  6 leopard geckos
  29 orcs
  3 ball pythons
  3 giant cockroaches
  3 goblins
  5 hobgoblins
  3 quokkas
  A bat (D:2)
  3 frilled lizards
  3 kobolds
  A quokka skeleton (D:6)
  4 rats
196 creatures vanquished.

Vanquished Creatures (others)
  A plant (D:10)
1 creature vanquished.

Grand Total: 197 creatures vanquished

Notes
Turn   | Place    | Note
-------+----------+-------------------------------------------
     0 | D:1      | Krosko the Troll Berserker began the quest for the Orb.
     0 | D:1      | Reached XP level 1. HP: 22/22 MP: 0/0
   291 | D:1      | Reached XP level 2. HP: 29/29 MP: 1/1
   454 | D:2      | Found a snail-covered altar of Cheibriados.
   499 | D:2      | Reached skill level 3 in Maces & Flails
   536 | D:2      | Found a blossoming altar of Fedhas.
   610 | D:2      | Reached XP level 3. HP: 12/36 MP: 2/2
   672 | D:2      | Found a sacrificial altar of Ru.
   706 | D:2      | Noticed an ogre
   711 | D:2      | Killed an ogre
   711 | D:2      | Reached XP level 4. HP: 45/45 MP: 3/3
   911 | D:2      | Reached XP level 5. HP: 53/53 MP: 4/4
   916 | D:2      | Reached skill level 4 in Maces & Flails
   920 | D:2      | Reached ** piety under Trog
   991 | D:3      | Noticed Jessica
   997 | D:3      | Killed Jessica
  1113 | D:3      | Found a faded altar of an unknown god.
  1328 | D:3      | Noticed Ijyb
  1345 | D:3      | Paralysed by Ijyb for 7 turns
  1357 | D:3      | Killed Ijyb
  1463 | D:3      | Found a deep blue altar of Sif Muna.
  1727 | D:4      | Found a staircase to the Ecumenical Temple.
  1733 | D:4      | Reached XP level 6. HP: 54/62 MP: 5/5
  1780 | D:4      | Found Enlimp's Gadget Shop.
  1786 | Temple   | Entered the Ecumenical Temple
  2303 | D:4      | Found a white marble altar of Elyvilon.
  2303 | D:4      | Found a burning altar of Makhleb.
  2385 | D:4      | Noticed a slave
  2386 | D:4      | Noticed a slave
  2386 | D:4      | Noticed a slave
  2387 | D:4      | Noticed Pikel
  2407 | D:4      | Killed a slave
  2452 | D:4      | Killed a slave
  2488 | D:4      | Found a runed door.
  2538 | D:4      | Killed a slave
  2573 | D:4      | Noticed Blork the orc
  2585 | D:4      | Killed Blork the orc
  2682 | D:4      | Reached skill level 5 in Maces & Flails
  2838 | D:4      | Noticed a slave
  2846 | D:4      | Killed a slave
  2925 | D:4      | Killed Pikel
  2925 | D:4      | Reached skill level 5 in Fighting
  2925 | D:4      | Reached skill level 6 in Maces & Flails
  2925 | D:4      | Reached XP level 7. HP: 72/72 MP: 6/6
  3036 | D:4      | Noticed Crazy Yiuf
  3040 | D:4      | Killed Crazy Yiuf
  3101 | D:5      | Entered Level 5 of the Dungeon
  3125 | D:5      | Found a stormy altar of Qazlal.
  3186 | D:5      | Reached XP level 8. HP: 48/83 MP: 7/7
  3196 | D:5      | Found Welep's Gadget Shop.
  3474 | D:5      | Reached skill level 7 in Maces & Flails
  3973 | D:6      | Found a shadowy altar of Dithmenos.
  4146 | D:6      | Reached skill level 8 in Maces & Flails
  4148 | D:6      | Reached XP level 9. HP: 93/93 MP: 8/8
  4634 | D:7      | Reached *** piety under Trog
  5658 | D:8      | Found a shimmering altar of Xom.
  5714 | D:8      | Reached skill level 9 in Maces & Flails
  5783 | D:8      | Noticed Prince Ribbit
  5789 | D:8      | Killed Prince Ribbit
  6396 | D:9      | Found an ancient bone altar of Kikubaaqudgha.
  6400 | D:9      | Noticed Erolcha
  6539 | D:9      | Killed Erolcha
  6539 | D:9      | Reached XP level 10. HP: 106/106 MP: 9/9
  6706 | D:9      | Found a shattered altar of Ashenzari.
  6791 | D:9      | Reached skill level 10 in Maces & Flails
  7522 | D:10     | Entered Level 10 of the Dungeon
  8046 | D:10     | Reached skill level 10 in Fighting
  8111 | D:10     | Reached skill level 11 in Maces & Flails
  8119 | D:10     | Slain by a warg

Skill      XL: |  1  2  3  4  5  6  7  8  9 10 |
---------------+-------------------------------+-----
Maces & Flails | 3 4 6 8 9 11 | 11.0
Fighting       | 3 5 7 8 10 | 10.0
Dodging        | 3 |  3.4

Action                   |  1- 3 |  4- 6 |  7- 9 | 10-12 || total
-------------------------+-------+-------+-------+-------++-------
Melee: Mace              |    68 |   196 |   441 |   309 ||  1014
Invok: Berserk           |     1 |     5 |    14 |     9 ||    29
       Trog's Hand       |       |     2 |    11 |     4 ||    17
       Burn Spellbooks   |       |       |       |     1 ||     1
  Use: Scroll            |       |       |     3 |     1 ||     4
       Potion            |       |       |       |     1 ||     1
 Stab: Sleeping          |       |       |     1 |       ||     1
  Eat: Chunk             |     7 |    20 |    36 |    33 ||    96
       Ration            |       |     1 |     8 |       ||     9
Armor: Animal skin       |    25 |    69 |   116 |    83 ||   293
Dodge: Dodged            |    39 |    95 |   193 |   119 ||   446
